 Dungeon Crawl Stone Soup version 0.26-a0-667-g92642533e4 (webtiles) character file.

Game seed: 12210555175519068771

77 Napalmbreeze the Chiller (level 4, -5/30 HPs)
             Began as a Barachi Ice Elementalist on Oct 18, 2020.
             Killed from afar by Sigmund (13 damage)
             ... with a puff of flame
             ... on level 2 of the Dungeon.
             The game lasted 00:05:58 (1712 turns).

Napalmbreeze the Chiller (Barachi Ice Elementalist) Turns: 1712, Time: 00:05:58

Health: -5/30      AC:  2    Str: 10    XL:     4   Next: 34%
Magic:  3/9        EV: 12    Int: 16    God:
Gold:   71         SH:  0    Dex: 12    Spells: 2/10 levels left

rFire    . . .     SeeInvis .   c - +0 dagger
rCold    . . .     Faith    .   (no shield)
rNeg     . . .     Spirit   .   a - +0 robe
rPois    .         Reflect  .   (no helmet)
rElec    .         Harm     .   (no cloak)
rCorr    .         Rampage  .   (no gloves)
MR       .....                  (no boots)
Stlth    ++........             (no amulet)
HPRegen  0.10/turn              f - ring of wizardry
MPRegen  0.11/turn              (no ring)

@: mighty, hasted, quick
A: +LOS, swims, slowness 1, strong legs 1
a: Hop


You were on level 2 of the Dungeon.
You visited 1 branch of the dungeon, and saw 2 of its levels.

You collected 71 gold pieces.

Inventory:

Hand Weapons
 c - a +0 dagger (weapon)
Armour
 a - a +0 robe (worn)
Jewellery
 f - a ring of wizardry (left hand)
Scrolls
 g - a scroll of magic mapping {unknown}
 i - a scroll of identify {unknown}
 k - a scroll of fear
 m - 2 scrolls of enchant armour {unknown}
Potions
 b - a potion of haste
 j - a potion of curing {unknown}


   Skills:
 - Level 2.1 Dodging
 - Level 1.7 Stealth
 + Level 3.5 Spellcasting
 + Level 5.9 Ice Magic


You had 2 spell levels left.
You knew the following spells:

 Your Spells              Type           Power        Failure   Level
a - Freeze                Ice            ###.         1%          1
d - Hailstorm             Conj/Ice       ##......     21%         4
s - Frozen Ramparts       Ice            ###...       1%          3

Your spell library contained the following spells:

 Spells                   Type           Power        Failure   Level
 Ozocubu's Armour         Ice            ###.....     1%          3
 Summon Ice Beast         Ice/Summ       ##......     21%         4


Dungeon Overview and Level Annotations

Branches:
Dungeon (2/15)

Altars:

Annotations:
D:2 Sigmund


Innate Abilities, Weirdness & Mutations

You can be seen from farther away. (+LOS)
You can swim through water.
You cover ground slowly.
You can hop short distances.


Message History

Unknown command.
Unknown command.
The wall freezes Sigmund.
Sigmund gestures wildly while chanting.
Sigmund flickers and vanishes!
Deactivating autopickup; reactivate with Ctrl-A.
Unknown command.
Unknown command.
The wall freezes something.
A magic dart appears from out of thin air!
The magic dart hits you.
* * * LOW HITPOINT WARNING * * *
It was a potion of haste.
You feel yourself speed up.
The wall freezes something.
It was a potion of might.
You feel very mighty all of a sudden.
The frozen ramparts melt away.
A puff of flame appears from out of thin air!
The puff of flame hits you!
You die...

####### ##.....# #......#
#### #......#
...############......######
................@..{.....>#
...######.....#...##.####.#
<..# #.....#...##.#
#########.....#...##{# #
#...........#####[.......#
# #........#### #........#
# #........# #..$.....#
########## #........# #
#........#


There were no monsters in sight!

Vanquished Creatures
  2 adders (D:2)
  3 worms (D:2)
  4 dart slugs
  2 giant cockroaches (D:1)
  7 goblins
  8 hobgoblins
  4 kobolds
  A quokka (D:2)
  3 bats (D:1)
  2 frilled lizards (D:2)
  7 rats
43 creatures vanquished.

Vanquished Creatures (others)
  4 plants (D:2)
4 creatures vanquished.

Grand Total: 47 creatures vanquished

Notes
Turn   | Place    | Note
-------+----------+-------------------------------------------
     0 | D:1      | Napalmbreeze the Barachi Ice Elementalist began the quest
                  | for the Orb.
     0 | D:1      | Reached XP level 1. HP: 13/13 MP: 3/3
    83 | D:1      | Reached skill level 5 in Ice Magic
   122 | D:1      | Reached XP level 2. HP: 18/19 MP: 0/5
   601 | D:1      | Reached XP level 3. HP: 18/24 MP: 1/7
   606 | D:1      | Learned a level 3 spell: Frozen Ramparts
  1300 | D:2      | Reached XP level 4. HP: 30/30 MP: 7/9
  1425 | D:2      | Learned a level 4 spell: Hailstorm
  1701 | D:2      | Noticed Sigmund
  1712 | D:2      | Killed from afar by Sigmund

Illustrated notes

Levels and vault maps discovered:
D:1:      mainiacjoe_arrival_reflecting_pool, layout_loops_ring, st_stairs_4
D:2:      layout_basic, serial_bayou_lagoon_a, uniq_sigmund, uniq_jessica

Skill      XL: |  1  2  3 |
---------------+----------+-----
Ice Magic      | 5 |  5.9
Spellcasting   | 3 |  3.5
Dodging        | |  2.1
Stealth        | |  1.7

Action                   |  1- 3 |  4- 6 || total
-------------------------+-------+-------++-------
Melee: Dagger            |    13 |     7 ||    20
 Cast: Freeze            |    47 |     7 ||    54
       Frozen Ramparts   |     1 |     4 ||     5
       Hailstorm         |       |     1 ||     1
  Use: Scroll            |       |     4 ||     4
       Potion            |       |     2 ||     2
 Stab: Sleeping          |     2 |       ||     2
Armor: Robe              |     9 |       ||     9
Dodge: Dodged            |    22 |     5 ||    27

Table legend: (Time is in decaauts)
 A = Elapsed time spent in this place.
 B = Non-inter-level travel time spent in this place.
 C = Inter-level travel time spent in this place.
 D = Time resting spent in this place.
 E = Time spent auto-exploring this place.
 F = Levels seen in this place.
 G = Mean time per level.
                   A        B        C        D        E       F      G
               +--------+--------+--------+--------+--------+-----+--------+
         Total |   1868 |   1835 |     33 |    432 |    947 |   2 |  934.0 |
       Dungeon |   1868 |   1835 |     33 |    432 |    947 |   2 |  934.0 |
               +--------+--------+--------+--------+--------+-----+--------+

Top non-repeatable levels by time:
     D:1: 1127 daAuts
     D:2: 741 daAuts
